| TOP OF THE 1ST |
|
El Paso Sun Kings batting - Pitching for Round Rock Express : RHP Preston Shockley
|
|
Pitching: RHP Preston Shockley
|
|
|
Batting: LHB Stanley Hendrickson
|
0-0: Ball 1-0: Ball 2-0: Ball 3-0: Base on Balls
|
|
Batting: RHB Chuckie Canady
|
0-0: Ball 1-0: Ball Stanley Hendrickson steals 2nd base 2-0: Swinging Strike 2-1: Ball 3-1: Base on Balls
|
|
Batting: SHB Keith Thrower
|
0-0: Ball 1-0: Called Strike 1-1: Ball 2-1: Ball 3-1: Fly out, F8 (Flyball, 8LM, EV 96.3 MPH) Runner from 2nd tags up, SAFE at 3rd with throw by CF
|
|
Batting: RHB Jon Hansen
|
0-0: Ball 1-0: Called Strike 1-1: Swinging Strike 1-2: Foul Ball, location: 2F 1-2: Strikes out swinging
|
|
Batting: SHB Danny Torres
|
0-0: Ball 1-0: Ball 2-0: Ball 3-0: Called Strike 3-1: Swinging Strike 3-2: Foul Ball, location: 2F 3-2: Base on Balls Chuckie Canady to second
|
|
Batting: RHB Danny Ramires
|
0-0: Fly out, F3 (Line Drive, 3, EV 73.1 MPH)
|
| Top of the 1st over - 0 runs, 0 hits, 0 errors, 3 left on base; El Paso 0 - Round Rock 0 |
| BOTTOM OF THE 1ST |
|
Round Rock Express batting - Pitching for El Paso Sun Kings : RHP Grady Warren
|
|
Pitching: RHP Grady Warren
|
|
|
Batting: LHB Steve Lyons
|
0-0: Called Strike 0-1: Swinging Strike 0-2: Strikes out swinging
|
|
Batting: LHB Luis Armijo
|
0-0: Swinging Strike 0-1: Fly out, F8 (Line Drive, 8LD, EV 96.9 MPH)
|
|
Batting: RHB Alejandro Sanchez
|
0-0: Fly out, F7 (Line Drive, 7, EV 95.6 MPH)
|
| Bottom of the 1st over - 0 runs, 0 hits, 0 errors, 0 left on base; El Paso 0 - Round Rock 0 |
| TOP OF THE 2ND |
|
El Paso Sun Kings batting - Pitching for Round Rock Express : RHP Preston Shockley
|
|
Batting: RHB Michael Hanson
|
0-0: Called Strike 0-1: Ball 1-1: Ground out 6-3 (Groundball, 6, EV 81.9 MPH)
|
|
Batting: SHB Wayne Stone
|
0-0: Ball 1-0: Called Strike 1-1: Ball 2-1: Swinging Strike 2-2: Ground out U3 (Groundball, 3L, EV 107.5 MPH)
|
|
Batting: RHB Bruce Benedict
|
0-0: Ball 1-0: Called Strike 1-1: Ball 2-1: Fly out, F8 (Flyball, 8RM, EV 93.1 MPH)
|
| Top of the 2nd over - 0 runs, 0 hits, 0 errors, 0 left on base; El Paso 0 - Round Rock 0 |
| BOTTOM OF THE 2ND |
|
Round Rock Express batting - Pitching for El Paso Sun Kings : RHP Grady Warren
|
|
Batting: LHB Al Chambers
|
0-0: Foul Ball, location: 2F 0-1: Ball 1-1: Ball 2-1: Ball 3-1: Fly out, F8 (Line Drive, 8RM, EV 100.0 MPH)
|
|
Batting: RHB Gerald Miller
|
0-0: Ball 1-0: Ball 2-0: Foul Ball, location: 2F 2-1: Fly out, F3 (Line Drive, 3, EV 69.4 MPH)
|
|
Batting: LHB James Jennings
|
0-0: Ball 1-0: Called Strike 1-1: Ball 2-1: Called Strike 2-2: Foul Ball, location: 2F 2-2: Strikes out swinging
|
| Bottom of the 2nd over - 0 runs, 0 hits, 0 errors, 0 left on base; El Paso 0 - Round Rock 0 |
| TOP OF THE 3RD |
|
El Paso Sun Kings batting - Pitching for Round Rock Express : RHP Preston Shockley
|
|
Batting: LHB Stanley Hendrickson
|
0-0: Ball 1-0: Foul Ball, location: 2F 1-1: Foul Ball, location: 2F 1-2: Ball 2-2: Strikes out swinging
|
|
Batting: RHB Chuckie Canady
|
0-0: SOLO HOME RUN (Flyball, 7D, EV 91.3 MPH), Distance : 365 ft
|
|
Batting: SHB Keith Thrower
|
0-0: Ball 1-0: Called Strike 1-1: Swinging Strike 1-2: Strikes out swinging
|
|
Batting: RHB Jon Hansen
|
0-0: Foul Ball, location: 2F 0-1: Called Strike 0-2: Strikes out swinging
|
| Top of the 3rd over - 1 run, 1 hit, 0 errors, 0 left on base; El Paso 1 - Round Rock 0 |
| BOTTOM OF THE 3RD |
|
Round Rock Express batting - Pitching for El Paso Sun Kings : RHP Grady Warren
|
|
Batting: LHB William Sobbe
|
0-0: Ball 1-0: Ball 2-0: Ball 3-0: Base on Balls
|
|
Batting: RHB Martyn Maxwell
|
0-0: Fly out, F8 (Flyball, 78M, EV 80.6 MPH)
|
|
Batting: RHB George Ramos
|
0-0: Ball Wild Pitch! William Sobbe to second 1-0: Ball 2-0: Ball 3-0: Base on Balls
|
|
Batting: LHB Steve Lyons
|
0-0: Foul Ball, location: 2F 0-1: Ball 1-1: Ball 2-1: Foul Ball, location: 2F 2-2: Foul Ball, location: 2F 2-2: Ball 3-2: Foul Ball, location: 2F 3-2: Foul Ball, location: 2F 3-2: SINGLE (Groundball, 6M, EV 86.9 MPH) (infield hit) William Sobbe to third George Ramos to second
|
|
Batting: LHB Luis Armijo
|
0-0: Ball 1-0: Ball 2-0: Ball 3-0: Foul Ball, location: 2F 3-1: Base on Balls William Sobbe scores George Ramos to third Steve Lyons to second
|
|
Batting: RHB Alejandro Sanchez
|
0-0: Ball 1-0: Called Strike 1-1: GRAND SLAM HOME RUN (Flyball, 78XD, EV 96.3 MPH), Distance : 416 ft
|
|
Batting: LHB Al Chambers
|
0-0: Ball 1-0: Called Strike 1-1: Ball 2-1: DOUBLE (Line Drive, 9LM, EV 94.4 MPH)
|
|
Batting: RHB Gerald Miller
|
0-0: Fly out, F8 (Line Drive, 8LM, EV 94.4 MPH)
|
|
Batting: LHB James Jennings
|
0-0: Foul Ball, location: 2F 0-1: Called Strike 0-2: Ball 1-2: Foul Ball, location: 2F 1-2: Ball 2-2: Ground out 5-3 (Groundball, 5, EV 93.1 MPH)
|
| Bottom of the 3rd over - 5 runs, 3 hits, 0 errors, 1 left on base; El Paso 1 - Round Rock 5 |
| TOP OF THE 4TH |
|
El Paso Sun Kings batting - Pitching for Round Rock Express : RHP Preston Shockley
|
|
Batting: SHB Danny Torres
|
0-0: Ball 1-0: SINGLE (Groundball, 34D, EV 97.5 MPH)
|
|
Batting: RHB Danny Ramires
|
0-0: Fly out, F7 (Flyball, 78D, EV 96.3 MPH)
|
|
Batting: RHB Michael Hanson
|
0-0: Swinging Strike 0-1: Fly out, F4 (Flyball, 34D, EV 80.6 MPH)
|
|
Batting: SHB Wayne Stone
|
0-0: Called Strike 0-1: Fly out, F6 (Line Drive, 6, EV 74.4 MPH)
|
| Top of the 4th over - 0 runs, 1 hit, 0 errors, 1 left on base; El Paso 1 - Round Rock 5 |
| BOTTOM OF THE 4TH |
|
Round Rock Express batting - Pitching for El Paso Sun Kings : RHP Grady Warren
|
|
Batting: LHB William Sobbe
|
0-0: Called Strike 0-1: Ball 1-1: Ball 2-1: Ball 3-1: Foul Ball, location: 2F 3-2: Base on Balls
|
|
Batting: RHB Martyn Maxwell
|
0-0: Ball 1-0: Ball 2-0: Foul Ball, location: 2F 2-1: Foul Ball, location: 2F 2-2: Strikes out swinging
|
|
Batting: RHB George Ramos
|
0-0: Ball 1-0: Swinging Strike 1-1: Ball 2-1: Called Strike 2-2: Ball 3-2: Base on Balls William Sobbe to second
|
|
Batting: LHB Steve Lyons
|
0-0: Foul Ball, location: 2F 0-1: Foul Ball, location: 2F 0-2: Ball 1-2: Strikes out swinging
|
|
Batting: LHB Luis Armijo
|
0-0: Ball 1-0: Fielders Choice at 2nd, 5-4 (Groundball, 5, EV 90.0 MPH)
|
| Bottom of the 4th over - 0 runs, 0 hits, 0 errors, 2 left on base; El Paso 1 - Round Rock 5 |
| TOP OF THE 5TH |
|
El Paso Sun Kings batting - Pitching for Round Rock Express : RHP Preston Shockley
|
|
Batting: RHB Bruce Benedict
|
0-0: Called Strike 0-1: Called Strike 0-2: Foul Ball, location: 2F 0-2: Strikes out swinging
|
|
Batting: LHB Stanley Hendrickson
|
0-0: Ball 1-0: Ball 2-0: Ball 3-0: Called Strike 3-1: Foul Ball, location: 2F 3-2: Base on Balls
|
|
Batting: RHB Chuckie Canady
|
0-0: Ball 1-0: Foul Ball, location: 2F 1-1: Swinging Strike 1-2: Ball 2-2: Fly out, F8 (Flyball, 8RD, EV 81.9 MPH)
|
|
Batting: SHB Keith Thrower
|
0-0: Ball 1-0: Foul Ball, location: 2F 1-1: Swinging Strike 1-2: Strikes out looking
|
| Top of the 5th over - 0 runs, 0 hits, 0 errors, 1 left on base; El Paso 1 - Round Rock 5 |
| BOTTOM OF THE 5TH |
|
Round Rock Express batting - Pitching for El Paso Sun Kings : RHP Grady Warren
|
|
Batting: RHB Alejandro Sanchez
|
0-0: Ball 1-0: Called Strike 1-1: Ball 2-1: Swinging Strike 2-2: Ball 3-2: DOUBLE (Flyball, 8LXD, EV 108.8 MPH)
|
|
Batting: LHB Al Chambers
|
0-0: Ball Alejandro Sanchez steals 3rd base 1-0: Ball 2-0: Ball 3-0: Called Strike 3-1: Swinging Strike 3-2: Fly out, F8 (Flyball, 8LD, EV 108.8 MPH) Runner from 3rd tags up, SCORES, no throw by CF
|
|
Batting: RHB Gerald Miller
|
0-0: Ball 1-0: Called Strike 1-1: Ball 2-1: Ground out 4-3 (Groundball, 4, EV 93.8 MPH)
|
|
Batting: LHB James Jennings
|
0-0: Ball 1-0: Ball 2-0: Fly out, F8 (Flyball, 89D, EV 94.4 MPH)
|
| Bottom of the 5th over - 1 run, 1 hit, 0 errors, 0 left on base; El Paso 1 - Round Rock 6 |
| TOP OF THE 6TH |
|
El Paso Sun Kings batting - Pitching for Round Rock Express : RHP Preston Shockley
|
|
Batting: RHB Jon Hansen
|
0-0: Ball 1-0: Called Strike 1-1: Called Strike 1-2: Strikes out swinging
|
|
Batting: SHB Danny Torres
|
0-0: Swinging Strike 0-1: Ball 1-1: Called Strike 1-2: Strikes out looking
|
|
Batting: RHB Danny Ramires
|
0-0: Swinging Strike 0-1: TRIPLE (Flyball, 9D, EV 94.4 MPH)
|
|
Batting: RHB Michael Hanson
|
0-0: Ball 1-0: Swinging Strike Passed Ball! Danny Ramires scores 1-1: Ground out 5-3 (Groundball, 5S, EV 84.4 MPH)
|
| Top of the 6th over - 1 run, 1 hit, 0 errors, 0 left on base; El Paso 2 - Round Rock 6 |
| BOTTOM OF THE 6TH |
|
Round Rock Express batting - Pitching for El Paso Sun Kings : RHP Grady Warren
|
|
Pitching: RHP James Rogers
|
|
|
Batting: LHB William Sobbe
|
0-0: Called Strike 0-1: Ball 1-1: Called Strike 1-2: Ball 2-2: Foul Ball, location: 2F 2-2: Foul Ball, location: 2F 2-2: Fly out, F6 (Popup, 56, EV 65.0 MPH)
|
|
Batting: RHB Martyn Maxwell
|
0-0: Ball 1-0: Foul Ball, location: 2F 1-1: Swinging Strike 1-2: Foul Ball, location: 2F 1-2: Ball 2-2: Hit by Pitch
|
|
Batting: RHB George Ramos
|
0-0: DOUBLE (Line Drive, 78D, EV 110.0 MPH) Martyn Maxwell to third
|
|
Batting: LHB Steve Lyons
|
0-0: Intentional Walk
|
|
Batting: LHB Luis Armijo
|
0-0: Ball 1-0: Ball 2-0: Foul Ball, location: 2F 2-1: Foul Ball, location: 2F 2-2: Ball 3-2: Base on Balls Martyn Maxwell scores George Ramos to third Steve Lyons to second
|
|
Batting: RHB Alejandro Sanchez
|
0-0: Ball 1-0: Ball 2-0: Ball 3-0: Called Strike 3-1: Base on Balls George Ramos scores Steve Lyons to third Luis Armijo to second
|
|
Batting: LHB Al Chambers
|
0-0: Ball 1-0: Grounds into double play, 4-6-3 (Groundball, 4, EV 83.1 MPH)
|
| Bottom of the 6th over - 2 runs, 1 hit, 0 errors, 2 left on base; El Paso 2 - Round Rock 8 |
| TOP OF THE 7TH |
|
El Paso Sun Kings batting - Pitching for Round Rock Express : RHP Preston Shockley
|
|
Batting: SHB Wayne Stone
|
0-0: Fly out, F9 (Flyball, 89M, EV 83.8 MPH)
|
|
Batting: RHB Bruce Benedict
|
0-0: Ball 1-0: Swinging Strike 1-1: Called Strike 1-2: Ball 2-2: Strikes out looking
|
|
Batting: LHB Stanley Hendrickson
|
0-0: Swinging Strike 0-1: SINGLE (Line Drive, 78M, EV 107.5 MPH)
|
|
Batting: RHB Chuckie Canady
|
0-0: Ball 1-0: Called Strike Stanley Hendrickson steals 2nd base 1-1: Ball 2-1: Fly out, F9 (Flyball, 89D, EV 83.1 MPH)
|
| Top of the 7th over - 0 runs, 1 hit, 0 errors, 1 left on base; El Paso 2 - Round Rock 8 |
| BOTTOM OF THE 7TH |
|
Round Rock Express batting - Pitching for El Paso Sun Kings : RHP James Rogers
|
|
Batting: RHB Gerald Miller
|
0-0: Ball 1-0: Foul Ball, location: 2F 1-1: Swinging Strike 1-2: Fly out, F8 (Flyball, 8LXD, EV 105.0 MPH)
|
|
Batting: LHB James Jennings
|
0-0: Swinging Strike 0-1: Ball 1-1: Ball 2-1: SINGLE (Line Drive, 6MD, EV 108.1 MPH)
|
|
Batting: LHB William Sobbe
|
0-0: Ball 1-0: Called Strike James Jennings steals 2nd base 1-1: Foul Ball, location: 2F 1-2: SINGLE (Flyball, 7LS, EV 93.1 MPH) James Jennings to third
|
|
Batting: RHB Martyn Maxwell
|
0-0: Fly out, F8 (Line Drive, 8LM, EV 98.8 MPH) Runner from 3rd tags up, OUT at HOME! 8-2
|
| Bottom of the 7th over - 0 runs, 2 hits, 0 errors, 1 left on base; El Paso 2 - Round Rock 8 |
| TOP OF THE 8TH |
|
El Paso Sun Kings batting - Pitching for Round Rock Express : RHP Preston Shockley
|
|
Batting: SHB Keith Thrower
|
0-0: Ground out 4-3 (Groundball, 4M, EV 86.9 MPH)
|
|
Batting: RHB Jon Hansen
|
0-0: Ground out 6-3 (Groundball, 6, EV 103.8 MPH)
|
|
Batting: SHB Danny Torres
|
0-0: Called Strike 0-1: Swinging Strike 0-2: Foul Ball, location: 2F 0-2: Foul Ball, location: 2F 0-2: Strikes out swinging
|
| Top of the 8th over - 0 runs, 0 hits, 0 errors, 0 left on base; El Paso 2 - Round Rock 8 |
| BOTTOM OF THE 8TH |
|
Round Rock Express batting - Pitching for El Paso Sun Kings : RHP James Rogers
|
|
Batting: RHB George Ramos
|
0-0: Ball 1-0: Foul Ball, location: 2F 1-1: Ball 2-1: Ball 3-1: Ground out 6-3 (Groundball, 56, EV 101.9 MPH)
|
|
Batting: LHB Steve Lyons
|
0-0: Ball 1-0: Ball 2-0: Called Strike 2-1: Ball 3-1: Foul Ball, location: 2F 3-2: Strikes out swinging
|
|
Batting: LHB Luis Armijo
|
0-0: Ball 1-0: Ball 2-0: Ground out 4-3 (Groundball, 4S, EV 71.3 MPH)
|
| Bottom of the 8th over - 0 runs, 0 hits, 0 errors, 0 left on base; El Paso 2 - Round Rock 8 |
| TOP OF THE 9TH |
|
El Paso Sun Kings batting - Pitching for Round Rock Express : RHP Preston Shockley
|
|
Batting: RHB Danny Ramires
|
0-0: Ball 1-0: Ball 2-0: Ball 3-0: Base on Balls
|
|
Batting: RHB Michael Hanson
|
0-0: Foul Ball, location: 2F 0-1: Ball 1-1: Fly out, F5 (Line Drive, 6, EV 70.6 MPH)
|
|
Batting: SHB Wayne Stone
|
0-0: Ball 1-0: Ball 2-0: Called Strike 2-1: SINGLE (Groundball, 4MD, EV 101.9 MPH) Danny Ramires to second
|
|
Batting: RHB Bruce Benedict
|
0-0: Ball 1-0: Grounds into double play, 4-6-3 (Groundball, 4, EV 100.0 MPH)
|
| Top of the 9th over - 0 runs, 1 hit, 0 errors, 1 left on base; El Paso 2 - Round Rock 8 |
|